 Dungeon Crawl Stone Soup version 0.29.0-4-gdea44cf6ec (webtiles) character file.

Game seed: 16102921350788892737

847 qw the Cleaver (level 7, -1/62 HPs)
             Began as a Minotaur Berserker on Sept 9, 2022.
             Was an Elder of Trog.
             Slain by an orc priest
             ... wielding a +0 short sword
              (4 damage)
             ... on level 5 of the Dungeon.
             The game lasted 00:02:01 (6142 turns).

qw the Cleaver (Minotaur Berserker)                 Turns: 6142, Time: 00:02:02

Health: -1/62      AC:  9    Str: 23    XL:     7   Next: 68%
Magic:  6/6        EV:  8    Int:  4    God:    Trog [****..]
Gold:   267        SH:  0    Dex: 10    Spells: 6/6 levels left

rFire   + . .      SeeInvis .   f - +0 war axe
rCold   + . .      Faith    .   (no shield)
rNeg    . . .      Spirit   .   r - +0 chain mail
rPois   +          Reflect  .   (helmet restricted)
rElec   .          Harm     .   g - scarf {rC+ rF+}
rCorr   .          Rampage  .   (no gloves)
Will    .....                   (no boots)
Stlth   ..........              (no amulet)
HPRegen 0.20/turn               b - ring of poison resistance
MPRegen 0.10/turn               (no ring)

@: about to teleport, on berserk cooldown, slowed, very slow
A: horns 2, retaliatory headbutt
a: Renounce Religion, Berserk, Trog's Hand, Brothers in Arms


You were on level 5 of the Dungeon.
You worshipped Trog.
Trog was greatly pleased with you.
You visited 1 branch of the dungeon, and saw 5 of its levels.

You collected 351 gold pieces.
You spent 84 gold pieces at shops.


Innate Abilities, Weirdness & Mutations

You have a pair of horns on your head.
You reflexively headbutt those who attack you in melee.


   Skills:
 + Level 5.7 Fighting
 - Level 10.0 Axes
 - Level 3.0 Armour
 - Level 2.1 Dodging


You had 6 spell levels left.
You didn't know any spells.
Your spell library was empty.

Inventory:

Hand Weapons
 f - a +0 war axe (weapon)
 o - a +0 vampiric whip
Armour
 g - a scarf of resistance (worn)
 l - a +0 cloak
 r - a +0 chain mail (worn)
Jewellery
 b - a ring of poison resistance (left hand)
 d - a ring of fire
Scrolls
 a - 4 scrolls of teleportation
 k - a scroll of identify
Potions
 c - 5 potions of curing
 e - a potion of heal wounds
 h - a potion of cancellation
 i - a potion of haste
 j - a potion of invisibility {unknown}
 m - a potion of resistance
 n - a potion of magic {unknown}
 p - a potion of mutation {unknown}

Dungeon Overview and Level Annotations

Branches:
Dungeon (5/15)
 Temple: D:4-7

Altars:
Kikubaaqudgha
Sif Muna
Trog

Shops:
D:1 *((?(


Message History

The hound bites you but does no damage.
The orc priest looks encouraged for a moment.
Something hits you.
The orc priest hits you but does no damage.
You completely miss the hound. Your headbutt misses the hound.
The hound is heavily wounded.
You hit the orc priest.
You hit the orc priest but do no damage.
You closely miss something. The hound bites you but does no damage.
The hound bites you.
The orc priest invokes the aid of Beogh against you.
Pain shoots through your body!
You hear some strange, mumbled words.
Something tries to affect you, but you resist.
The orc priest invokes the aid of Beogh against you.
Beogh smites you! The hound barely misses you.
You hit the orc priest. Your headbutt misses the orc priest.
The orc priest is severely wounded.
You hit the hound but do no damage. You hit the orc priest. You hit something.
You slash the necrophage! The hound bites you but does no damage.
The orc priest barely misses you.
The necrophage hits you but does no damage.
Something hits you but does no damage.
The orc priest mumbles some strange prayers to Beogh against you.
Beogh smites you! The hound completely misses you.
The orc priest hits you but does no damage.
The necrophage closely misses you.
The orc priest hits you but does no damage.
Something hits you.
6142 ||| READING 5 scrolls of teleportation.
As you read the scroll of teleportation, it crumbles to dust.
You feel strangely unstable. The hound bites you but does no damage.
The hound misses you. You furiously retaliate!
You headbutt the hound. The orc priest barely misses you.
You furiously retaliate!
You headbutt the orc priest, but do no damage.
Something hits you.
The necrophage hits you but does no damage.
The orc priest hits you with a +0 short sword.
You die...

#... ..# ..# . ..#
..## #.#
.....####.######
#)#............#
........hon....#
###....So@.....# .
#.#####..##### .#.
#. #..# ..... .
#.... ......##.
.....# ........##
#.#### .#.......##
#.#
..........######.#
...........)..##.#


You could see a necrophage, a hound, 2 orc priests and an adder.

Vanquished Creatures
  An ogre (D:5)
  A gnoll sergeant (D:3)
  A scorpion (D:4)
  A howler monkey (D:3)
  A hound (D:3)
  An orc priest (D:3)
  An iguana (D:4)
  3 orc wizards
  15 gnolls (D:3)
  9 adders
  A white imp (D:3)
  4 worms
  3 dart slugs
  42 orcs
  8 ball pythons
  8 endoplasms
  5 giant cockroaches
  9 goblins
  6 hobgoblins
  18 jackals
  3 quokkas
  4 bats
  A frilled lizard (D:1)
  8 kobolds
  3 rats
157 creatures vanquished.

Notes
Turn   | Place    | Note
-------+----------+-------------------------------------------
     0 | D:1      | qw the Minotaur Berserker began the quest for the Orb.
     0 | D:1      | Reached XP level 1. HP: 19/19 MP: 0/0
     0 | D:1      | 0 ||| qw: Version: 0.1-a-113-g051387a
     0 | D:1      | 0 ||| qw: Game counter: 7114
     0 | D:1      | 0 ||| qw: Always use a shield: true
     0 | D:1      | 0 ||| qw: Do Orc after D:15 true
     0 | D:1      | 0 ||| qw: Do second Lair branch before Depths: true
     0 | D:1      | 0 ||| qw: Lair rune preference: random
     0 | D:1      | 0 ||| qw: Plans: Normal
     0 | D:1      | 0 ||| PLANNING D:1-11
    40 | D:1      | Found Ythruerraump's Magic Scroll Shoppe.
    46 | D:1      | 46 ||| SHOPLISTING scroll of enchant armour (82 gold, have
                  | 17).
    46 | D:1      | 46 ||| SHOPLISTING scroll of enchant weapon (82 gold, have
                  | 17).
    46 | D:1      | 46 ||| SHOPLISTING scroll of identify (22 gold, have 17).
    46 | D:1      | 46 ||| SHOPLISTING scroll of teleportation (33 gold, have
                  | 17).
    61 | D:1      | Found Tileizui's Weapon Emporium.
    77 | D:1      | 77 ||| SHOPLISTING +3 flail of draining (233 gold, have
                  | 17).
   104 | D:1      | Reached skill level 4 in Axes
   219 | D:1      | 219 ||| DROPPING +0 club.
   516 | D:1      | Reached XP level 2. HP: 26/26 MP: 1/1
   516 | D:1      | 516 ||| Stepping ~*~*~tactically~*~*~ (stealth).
   520 | D:1      | 520 ||| Stepping ~*~*~tactically~*~*~ (stealth).
   630 | D:1      | Found Rogataxu's Antique Weapon Shoppe.
   655 | D:1      | Found Zoch's General Store.
   660 | D:1      | Found Cudifad's Weapon Emporium.
   670 | D:1      | 670 ||| BUYING 2 potions of curing (84 gold).
   670 | D:1      | Bought 2 potions of curing for 84 gold pieces
   670 | D:1      | 670 ||| SHOPLISTING 2 scrolls of identify (56 gold, have
                  | 19).
   670 | D:1      | 670 ||| SHOPLISTING ring of ice (350 gold, have 19).
   670 | D:1      | 670 ||| SHOPLISTING scroll of identify (28 gold, have 19).
   685 | D:1      | 685 ||| UPGRADING to +0 leather armour.
   695 | D:1      | 695 ||| DROPPING +0 animal skin.
   716 | D:1      | Found a faded altar of an unknown god.
   784 | D:1      | 784 ||| Stepping ~*~*~tactically~*~*~ (hiding).
   785 | D:1      | 785 ||| Stepping ~*~*~tactically~*~*~ (hiding).
   790 | D:1      | 790 ||| Stepping ~*~*~tactically~*~*~ (hiding).
  1164 | D:1      | 1164 ||| READING scroll labelled ROAGAHEV OJAA.
  1167 | D:1      | 1167 ||| READING scroll labelled BUCKIJ WUOG.
  1273 | D:2      | Reached skill level 5 in Axes
  1292 | D:2      | 1292 ||| Stepping ~*~*~tactically~*~*~ (stealth).
  1294 | D:2      | Reached XP level 3. HP: 22/31 MP: 2/2
  1297 | D:2      | 1297 ||| INVOKING Berserk.
  1308 | D:2      | 1308 ||| Stepping ~*~*~tactically~*~*~ (stealth).
  1310 | D:2      | 1310 ||| Stepping ~*~*~tactically~*~*~ (stealth).
  1316 | D:2      | 1316 ||| Stepping ~*~*~tactically~*~*~ (stealth).
  1664 | D:2      | 1664 ||| INVOKING Berserk.
  1879 | D:2      | 1879 ||| Stepping ~*~*~tactically~*~*~ (hiding).
  1935 | D:2      | 1935 ||| INVOKING Berserk.
  1999 | D:2      | Found an ancient bone altar of Kikubaaqudgha.
  2105 | D:2      | Reached XP level 4. HP: 36/39 MP: 3/3
  2148 | D:2      | Reached ** piety under Trog
  2149 | D:2      | Reached skill level 6 in Axes
  2167 | D:2      | 2167 ||| Stepping ~*~*~tactically~*~*~ (stealth).
  2169 | D:2      | 2169 ||| Stepping ~*~*~tactically~*~*~ (stealth).
  2318 | D:2      | 2318 ||| Stepping ~*~*~tactically~*~*~ (stealth).
  2336 | D:2      | 2336 ||| Stepping ~*~*~tactically~*~*~ (stealth).
  2337 | D:2      | 2337 ||| Stepping ~*~*~tactically~*~*~ (stealth).
  2445 | D:2      | 2445 ||| UPGRADING to ring of poison resistance.
  2446 | D:2      | 2446 ||| READING scroll labelled OMIUMI RECHOX.
  2581 | D:2      | 2581 ||| READING 2 scrolls labelled GALAUDEVATS.
  2582 | D:2      | 2582 ||| READING scroll labelled BYR OSKOAXZEAR.
  2583 | D:2      | 2583 ||| DRINKING 2 bubbling inky potions.
  2650 | D:3      | 2650 ||| Stepping ~*~*~tactically~*~*~ (stealth).
  2652 | D:3      | 2652 ||| Stepping ~*~*~tactically~*~*~ (stealth).
  2653 | D:3      | 2653 ||| Stepping ~*~*~tactically~*~*~ (stealth).
  2658 | D:3      | 2658 ||| DROPPING +0 whip.
  2729 | D:3      | 2729 ||| INVOKING Berserk.
  3021 | D:3      | 3021 ||| Stepping ~*~*~tactically~*~*~ (stealth).
  3144 | D:3      | 3144 ||| Stepping ~*~*~tactically~*~*~ (hiding).
  3150 | D:3      | Found a shimmering blue altar of Sif Muna.
  3157 | D:3      | 3157 ||| INVOKING Berserk.
  3159 | D:3      | Reached skill level 7 in Axes
  3159 | D:3      | Reached XP level 5. HP: 23/45 MP: 4/4
  3351 | D:3      | Found a bloodstained altar of Trog.
  3352 | D:3      | 3352 ||| INVOKING Berserk.
  3467 | D:3      | 3467 ||| Stepping ~*~*~tactically~*~*~ (stealth).
  3474 | D:3      | 3474 ||| Stepping ~*~*~tactically~*~*~ (hiding).
  3477 | D:3      | 3477 ||| INVOKING Berserk.
  3484 | D:3      | Reached *** piety under Trog
  3783 | D:3      | 3783 ||| INVOKING Berserk.
  4089 | D:3      | Reached skill level 8 in Axes
  4089 | D:3      | Reached XP level 6. HP: 44/52 MP: 5/5
  4203 | D:3      | 4203 ||| INVOKING Berserk.
  4234 | D:3      | Reached skill level 9 in Axes
  4238 | D:3      | 4238 ||| Stepping ~*~*~tactically~*~*~ (stealth).
  4243 | D:3      | 4243 ||| Stepping ~*~*~tactically~*~*~ (stealth).
  4244 | D:3      | 4244 ||| Stepping ~*~*~tactically~*~*~ (stealth).
  4271 | D:3      | 4271 ||| INVOKING Berserk.
  4422 | D:3      | 4422 ||| INVOKING Berserk.
  4428 | D:3      | Reached XP level 7. HP: 60/60 MP: 6/6
  4639 | D:3      | 4639 ||| INVOKING Berserk.
  4644 | D:3      | HP: 20/91 [gnoll/+0 halberd (6)]
  4645 | D:3      | Reached **** piety under Trog
  4903 | D:3      | 4903 ||| UPGRADING to +0 cloak.
  4908 | D:3      | 4908 ||| UPGRADING to +0 chain mail.
  4918 | D:3      | 4918 ||| DROPPING +0 leather armour.
  4919 | D:3      | 4919 ||| READING scroll labelled IPYENI CENEOGG.
  4920 | D:3      | 4920 ||| DRINKING 2 fizzy yellow potions.
  4921 | D:3      | 4921 ||| DRINKING 2 white potions.
  4922 | D:3      | 4922 ||| DRINKING 2 pink potions.
  4923 | D:3      | 4923 ||| READING 2 scrolls of identify.
  4923 | D:3      | 4923 ||| IDENTIFYING fizzy amethyst potion
  4924 | D:3      | 4924 ||| DROPPING potion of flight.
  5302 | D:4      | Reached skill level 3 in Armour
  5315 | D:4      | You fall into a shaft and drop 1 floor!
  5315 | D:5      | Entered Level 5 of the Dungeon
  5323 | D:5      | 5323 ||| Stepping ~*~*~tactically~*~*~ (stealth).
  5324 | D:5      | 5324 ||| SWAPPING to +0 war axe.
  5325 | D:5      | 5325 ||| DROPPING +0 hand axe.
  5330 | D:5      | 5330 ||| Stepping ~*~*~tactically~*~*~ (stealth).
  5366 | D:5      | 5366 ||| INVOKING Berserk.
  5630 | D:4      | 5630 ||| DROPPING +0 flail.
  5661 | D:4      | Reached skill level 10 in Axes
  6040 | D:4      | 6040 ||| UPGRADING to scarf of resistance.
  6112 | D:5      | 6112 ||| STAIRDANCE
  6130 | D:5      | 6130 ||| INVOKING Berserk.
  6137 | D:5      | 6137 ||| DRINKING 6 potions of curing.
  6137 | D:5      | 6137 ||| (to cure confusion)
  6141 | D:5      | HP: 7/62 [orc priest/divine providence (10)]
  6142 | D:5      | 6142 ||| READING 5 scrolls of teleportation.
  6142 | D:5      | HP: 3/62 [something (3)]
  6142 | D:5      | Slain by an orc priest

Levels and vault maps discovered:
D:1:      roderic_octagonal_star, layout_loops_ring, serial_shops, shop,
          nicolae_shop_overgrown_old_shop, shop_coins, shop,
          nicolae_shop_crystal, hellmonk_ecumenical_altar_crossroads
D:2:      kennysheep_big_flooded_room, layout_rooms, basic_altar, hex_tiny,
          minmay_increasing_density
D:3:      lemuel_castle_with_subvaults [lemuel_castle_interior_original],
          layout_basic, nzn_overflow_gifts_of_might_and_magic,
          nicolae_concentric_dashed_squares_wild
D:4:      layout_basic
D:5:      layout_rooms

Skill      XL: |  1  2  3  4  5  6  7 |
---------------+----------------------+-----
Axes           | 4 5 7 8 9 10 | 10.0
Fighting       | 4 5 |  5.7
Armour         | 3 |  3.0
Dodging        | |  2.1

Action                   |  1- 3 |  4- 6 |  7- 9 || total
-------------------------+-------+-------+-------++-------
Melee: Hand axe          |    75 |   161 |    37 ||   273
       Headbutt          |     7 |    18 |    12 ||    37
       Punch             |       |     1 |     3 ||     4
       War axe           |       |       |    47 ||    47
Throw: Boomerang         |       |     8 |    26 ||    34
Invok: Berserk           |     3 |     8 |     3 ||    14
  Use: Scroll            |     2 |     3 |     3 ||     8
       Potion            |       |     1 |     4 ||     5
Armor: Animal skin       |     2 |       |       ||     2
       Leather armour    |     9 |    23 |     4 ||    36
       Chain mail        |       |       |    51 ||    51
Dodge: Dodged            |    33 |    85 |    39 ||   157

Table legend:
 A = Non-vault XP
 B = Vault XP
 C = Vault XP percentage of total XP
 D = Non-vault monster count
 E = Vault monster count
 F = Vault count percentage of total count
                 A         B        C        D         E       F
            +---------+---------+-------+---------+---------+-------
      Total |     622 |     589 |  48.6 |      89 |      68 |  43.3
            +---------+---------+-------+---------+---------+-------
        D:1 |      31 |       0 |   0.0 |      17 |       0 |   0.0
        D:2 |      82 |      24 |  22.6 |      19 |      12 |  38.7
        D:3 |     120 |     565 |  82.5 |      21 |      56 |  72.7
        D:4 |     219 |       0 |   0.0 |      26 |       0 |   0.0
        D:5 |     170 |       0 |   0.0 |       6 |       0 |   0.0
            +---------+---------+-------+---------+---------+-------
